 Dungeon Crawl Stone Soup version 0.15.1-3-g1b33baa (webtiles) character file.

273 DaftWullie the Cutter (level 6, -7/57 HPs)
             Began as a Kobold Berserker on Oct 6, 2014.
             Was a Priest of Trog.
             Mangled by Blork the orc
             ... wielding a +0 glaive
              (17 damage)
             ... on Level 4 of the Dungeon.
             The game lasted 00:32:42 (3694 turns).

DaftWullie the Cutter (Kobold Berserker)            Turns: 3694, Time: 00:32:42

HP  -7/57        AC  5     Str 21      XL: 6   Next: 48%
MP   6/6         EV 15     Int  6      God: Trog [***...]
Gold 151         SH  4     Dex 16      Spells:  0 memorised,  5 levels left

rFire  + . .     SeeInvis .     a - +0 short sword
rCold  x . .     Clarity  .     n - +0 leather armour
rNeg   . . .     rCorr    .     t - +0 buckler
rPois  .         rRot     .     (no helmet)
rElec  .         Spirit   .     v - +0 cloak
SustAb .         Warding  .     x - +0 pair of gloves
rMut   .         Stasis   .     (no boots)
Gourm  .                        (no amulet)
MR     ++...                    (no ring)
                                e - ring of fire

@: berserking, regenerating, very quick, very resistant to hostile enchantments,
extremely unstealthy
A: carnivore 3
a: Burn Spellbooks, Berserk, Trog's Hand, Renounce Religion


You were on level 4 of the Dungeon.
You worshipped Trog.
Trog was most pleased with you.
You were very full.

You visited 1 branch of the dungeon, and saw 4 of its levels.

You collected 151 gold pieces.

Inventory:

Hand weapons
 a - a +0 short sword (weapon)
 d - a +2 falchion of holy wrath
Armour
 b - a +0 animal skin
 i - a +0 leather armour
 n - a +0 leather armour (worn)
 t - a +0 buckler (worn)
 v - a +0 cloak (worn)
 x - a +0 pair of gloves (worn)
Comestibles
 c - 4 meat rations
Scrolls
 f - a scroll of noise {unknown}
 g - a scroll of remove curse {unknown}
 j - a scroll of fog {unknown}
 k - a scroll of fear {unknown}
 l - 3 scrolls of amnesia {unknown}
 m - a scroll of enchant armour {unknown}
 o - 2 scrolls of recharging {unknown}
 q - 2 scrolls of random uselessness {unknown}
 s - 3 scrolls of identify {unknown}
 u - a scroll of blinking {unknown}
Jewellery
 e - a ring of fire (left hand)
Potions
 h - 5 potions of curing {unknown}
 p - 2 potions of poison {unknown}
 r - 2 potions of degeneration {unknown}
 w - a potion of heal wounds {unknown}
 z - a potion of agility {unknown}
 A - a potion of mutation {unknown}


   Skills:
 + Level 4.2 Fighting
 * Level 6.8 Short Blades
 - Level 1.5 Armour
 + Level 4.3 Dodging
 + Level 2.3 Stealth


You had 5 spell levels left.
You didn't know any spells.

Dungeon Overview and Level Annotations

Branches:
Dungeon (4/15)
 Temple: D:4-7

Altars:

Annotations:
D:4 Blork the orc


Innate Abilities, Weirdness & Mutations

You are small and have problems with some larger weapons.
You are carnivorous and can eat meat at any time.


Message History

Blork the orc shouts!
Blork the orc hits you from afar with a glaive!
You hit Blork the orc.
Blork the orc is lightly wounded.
Blork the orc hits you with a glaive.
You hit Blork the orc but do no damage.
Blork the orc is lightly wounded.
You hit Blork the orc but do no damage.
Blork the orc is lightly wounded.
Blork the orc hits you with a glaive!
* * * LOW HITPOINT WARNING * * *
Use which ability? (? or * to list)
Your skin crawls.
You feel resistant to hostile enchantments.
You feel slightly less full. Blork the orc misses you.
Use which ability? (? or * to list)
A red film seems to cover your vision as you go berserk!
You feel yourself moving faster!
You feel mighty! Blork the orc hits you with a glaive!
You die...

### #.. #.# ###### #.#
.....# #.#
.....######### #b#
.............# #o#
..........##.# #@# #
.<[..####.##.###.##.....
##.###
#................. #.#
#..############## #.#
#..# ..# #..# ### #..#
...# #..##


You could see Blork the orc and a bat.

Vanquished Creatures
  The ghost of gigot the Sneak, an average DESu (D:3)
  Crazy Yiuf (D:2)
  Terence (D:2)
  3 adders (D:3)
  3 gnolls (D:2)
  2 worms
  6 giant geckos
  3 oozes (D:2)
  7 orcs (D:3)
  2 giant cockroaches
  10 goblins
  14 hobgoblins
  2 quokkas
  6 bats
  5 giant newts
  10 kobolds
  9 rats
85 creatures vanquished.

Notes
Turn   | Place    | Note
--------------------------------------------------------------
     0 | D:1      | DaftWullie, the Kobold Berserker, began the quest for the Orb.
     0 | D:1      | Reached XP level 1. HP: 14/14 MP: 1/1
   422 | D:1      | Reached XP level 2. HP: 19/19 MP: 2/2
  1105 | D:1      | Reached XP level 3. HP: 20/23 MP: 3/3
  1204 | D:1      | Acquired Trog's second power
  1597 | D:2      | Reached skill level 5 in Short Blades
  1723 | D:2      | Reached XP level 4. HP: 16/29 MP: 4/4
  1782 | D:2      | Noticed Terence
  2155 | D:2      | Reached skill level 1 in Stealth
  2542 | D:2      | Noticed Crazy Yiuf
  2548 | D:2      | Killed Crazy Yiuf
  2548 | D:2      | Reached XP level 5. HP: 33/33 MP: 5/5
  2676 | D:2      | Killed Terence
  2676 | D:2      | Reached skill level 6 in Short Blades
  2835 | D:3      | Noticed gigot's ghost (average DESu)
  2847 | D:3      | Killed gigot's ghost
  2847 | D:3      | Reached XP level 6. HP: 38/38 MP: 6/6
  3687 | D:4      | Noticed Blork the orc
  3694 | D:4      | Mangled by Blork the orc

Action                   |  1- 3 |  4- 6 || total
-------------------------+-------+-------++-------
Melee: Short sword       |   156 |   241 ||   397
Invok: Berserk           |     1 |     4 ||     5
       Trog's Hand       |       |     3 ||     3
 Stab: Sleeping          |     1 |     2 ||     3
  Eat: Chunk             |    11 |     5 ||    16
       Beef jerky        |     1 |     2 ||     3
